[Event "Thursday 05 April Rapid Engine Tour 12+1 Rounds 9 Starts 1600ST"]
[Site "Infinity Chess"]
[Date "2018.4.5"]
[Round "6"]
[White "CrapCleaner"]
[Black "Time_bandit"]
[Result "1/2-1/2"]
[ECO "C55"]
[WhiteElo "2428"]
[BlackElo "2430"]
[WhiteEngine "Raubfisch ME262_GTZ16e2_CTG"]
[BlackEngine "asmFishW_2018-02-02_popcnt"]
[EventType "Swiss"]
[WhiteTeam ""]
[BlackTeam ""]
[PlyCount "144"]
[TimeControl "720+1"]

1. e4 e5 2. Nf3 Nc6 3. Bc4 Nf6 4. d3 Bc5 5. O-O d6 6. c3 a5 7. Bg5 Ba7 
8. Nbd2 h6 9. Bh4 Qe7 10. Kh1 g5 11. Bg3 Bd7 12. Qb3 h5 13. h4 gxh4 
14. Bxh4 O-O-O 15. d4 Rdg8 16. d5 Nb8 17. g3 Bh3 18. Bb5 Nbd7 19. Qa3 Kb8 
20. b4 axb4 21. Qxb4 Bxf1 22. Rxf1 Qf8 23. a4 Qc8 24. Kg2 Bc5 25. Qb2 Rg4 
26. Rb1 Ka7 27. a5 Rhg8 28. Qc2 c6 29. dxc6 bxc6 30. Bd3 Rf4 31. Qb3 Rgg4 
32. Nc4 Rxh4 33. Nxd6 Bxd6 34. Nxh4 Rg4 35. a6 Ka8 36. Nf5 Bc5 37. Be2 Rg8 
38. Qc4 h4 39. Nxh4 Ne8 40. Nf5 Nd6 41. Nxd6 Bxd6 42. Qxf7 Rf8 43. Qg6 Rf6 
44. Qg7 Bf8 45. Qh7 Nc5 46. Rh1 Qb8 47. Rh5 Bd6 48. Rf5 Rf8 49. g4 Rh8 
50. Qg6 Qb1 51. Rh5 Rxh5 52. gxh5 Qxe4+ 53. Bf3 Qxg6+ 54. hxg6 Bf8 55. Bxc6+ Ka7 
56. Bb5 Ne6 57. Kf3 Nf4 58. Kg4 Nxg6 59. Kf5 Nf4 60. Kxe5 Nh3 61. Kd5 Nxf2 
62. c4 Nh3 63. c5 Ng1 64. Kc4 Nh3 65. c6 Bd6 66. Kd5 Bc7 67. Ke6 Ng1 68. Kd7 Bb6 
69. c7 Bxc7 70. Kxc7 Nf3 71. Kd6 Nd4 72. Bf1 Kb6 1/2-1/2

[Event "Thursday 05 April Rapid Engine Tour 12+1 Rounds 9 Starts 1600ST"]
[Site "Infinity Chess"]
[Date "2018.4.5"]
[Round "6"]
[White "Mr Aj"]
[Black "Prometheus"]
[Result "1/2-1/2"]
[ECO "A08"]
[WhiteElo "2433"]
[BlackElo "2453"]
[WhiteEngine "Houdini 6"]
[BlackEngine "Eman 1.70-beta15 64-bit BMI2"]
[EventType "Swiss"]
[WhiteTeam ""]
[BlackTeam ""]
[PlyCount "257"]
[TimeControl "720+1"]

1. Nf3 d5 2. g3 c5 3. Bg2 Nf6 4. O-O Nc6 5. d4 cxd4 6. Nxd4 e5 7. Nxc6 bxc6 
8. c4 Be6 9. Qa4 Qd7 10. Nc3 Rc8 11. cxd5 cxd5 12. Qxd7+ Kxd7 13. Rd1 Bc5 
14. Na4 h6 15. Nxc5+ Rxc5 16. f4 e4 17. h3 Rc2 18. g4 Ke7 19. Be3 a5 
20. Rac1 Rhc8 21. Rxc2 Rxc2 22. f5 Bd7 23. Rd2 Rxd2 24. Bxd2 a4 25. Bb4+ Ke8 
26. Bc3 Ke7 27. Kf2 Bb5 28. b3 axb3 29. axb3 g6 30. Bf1 gxf5 31. gxf5 Nd7 
32. Ke3 Kd6 33. h4 h5 34. f6 Kc6 35. b4 Nf8 36. Kf4 Bc4 37. Ba1 Kb5 38. Bc3 Kc6 
39. Bb2 Ne6+ 40. Ke3 Kd6 41. Bh3 Nd8 42. Bg2 Nc6 43. Bh3 Ne5 44. Bf5 Nd7 
45. Bd4 Bb5 46. Bh3 Bc4 47. Kd2 Ba6 48. e3 Bc4 49. Bc3 Nf8 50. Bf5 Nd7 
51. Ke1 Nf8 52. Kf2 Ne6 53. Bh3 Bb5 54. Bb2 Bd3 55. Bc3 Ba6 56. Bf5 Bb5 
57. Ba1 Bc4 58. Bc3 Nf8 59. Bd4 Ne6 60. Bc3 Nc7 61. Bd4 Ne6 62. Bb2 Bb5 
63. Ba1 Be8 64. Ke1 Nf8 65. Kd2 Bd7 66. Bd4 Bxf5 67. Bc5+ Kd7 68. Bxf8 Kc6 
69. Bc5 Bc8 70. Kc3 Kb5 71. Kd4 Be6 72. Bd6 Kb6 73. Ke5 Kc6 74. Bc5 Bg4 
75. Kd4 Be6 76. Ba7 Bh3 77. Ke5 Bg4 78. Bd4 Bd1 79. b5+ Kxb5 80. Kxd5 Bc2 
81. Bc5 Bb1 82. Ba3 Bd3 83. Bf8 Bb1 84. Ba3 Bc2 85. Bd6 Bb1 86. Ke5 Bd3 
87. Kd5 Bb1 88. Bh2 Kb4 89. Bg3 Kb5 90. Bf4 Bc2 91. Bh2 Bb1 92. Bf4 Kb6 
93. Bh2 Kb5 94. Bb8 Bd3 95. Bf4 Kb4 96. Bg3 Bb1 97. Be1+ Ka3 98. Bc3 Kb3 
99. Ba1 Bd3 100. Bd4 Kb4 101. Kd6 Bb1 102. Bb2 Ba2 103. Bd4 Kb5 104. Ke5 Bb1 
105. Ba1 Bc2 106. Kd6 Bd3 107. Bb2 Ka5 108. Ke7 Bc4 109. Bc3+ Ka4 110. Bd4 Bb3 
111. Kd6 Kb4 112. Ke5 Kc4 113. Kxe4 Bd1 114. Ba7 Bc2+ 115. Kf3 Kd5 116. Kf4 Bb1 
117. Kg5 Bg6 118. Kf4 Bc2 119. Kg5 Bg6 120. Bb6 Ke5 121. Bc5 Ke4 122. Bb6 Kd5 
123. Bd4 Ke4 124. Bc5 Ke5 125. Ba3 Kd5 126. Be7 Ke4 127. Bc5 Kd5 128. Be7 Ke4 
129. Bc5 1/2-1/2

[Event "Thursday 05 April Rapid Engine Tour 12+1 Rounds 9 Starts 1600ST"]
[Site "Infinity Chess"]
[Date "2018.4.5"]
[Round "6"]
[White "localhero"]
[Black "Marsell"]
[Result "0-1"]
[ECO "C55"]
[WhiteElo "2434"]
[BlackElo "2465"]
[WhiteEngine "asmFishW_2017-10-04_popcnt"]
[BlackEngine "asmFishW_2018-04-02_bmi2"]
[EventType "Swiss"]
[WhiteTeam ""]
[BlackTeam ""]
[PlyCount "190"]
[TimeControl "720+1"]

1. e4 e5 2. Nf3 Nc6 3. Bc4 Nf6 4. d3 Bc5 5. c3 d6 6. O-O O-O 7. Bg5 h6 8. Bh4 a6 
9. a4 g5 10. Bg3 Ba7 11. Nbd2 Nh7 12. h3 h5 13. Kh1 Kh8 14. b4 h4 15. Bh2 g4 
16. hxg4 Bxg4 17. b5 Na5 18. Ba2 Ng5 19. d4 h3 20. gxh3 Nxh3 21. Qe1 Rg8 
22. bxa6 Rg7 23. axb7 Nxb7 24. Qe3 Qf6 25. Nxe5 dxe5 26. Bxe5 Qxe5 27. Qh6+ Rh7 
28. Qxh7+ Kxh7 29. dxe5 Nc5 30. Kh2 Nd3 31. f3 Bd7 32. Bc4 Nhf4 33. Bxd3 Nxd3 
34. e6 Bxe6 35. f4 Rh8 36. f5 Kg7+ 37. Kg2 Bc8 38. Rh1 Rd8 39. Kf3 Nb2 
40. Rh2 Rd3+ 41. Kg4 Rxc3 42. Nb1 Rb3 43. Nd2 Rc3 44. Nb1 Rb3 45. Nd2 Re3 
46. Rg2 Kf6 47. Rc1 Bb6 48. a5 Bxa5 49. Kf4 Ra3 50. Rc6+ Ke7 51. Kg5 Rh3 
52. Kg4 Re3 53. Kf4 Re1 54. Kg5 Bd7 55. f6+ Kd8 56. Ra6 Bc3 57. Ra8+ Bc8 
58. Ra3 Rc1 59. Nf3 Nc4 60. Raa2 Rf1 61. Rgf2 Rd1 62. Kf4 Rd3 63. Ra4 Be6 
64. Rc2 Kd7 65. Ra6 c6 66. Rxc3 Rxc3 67. Nd4 Rc1 68. Nxc6 Rf1+ 69. Kg5 Kd6 
70. Na5+ Kc5 71. Nb3+ Kb5 72. Ra8 Rd1 73. Na1 Kb4 74. Kf4 Rf1+ 75. Kg3 Kc3 
76. Kg2 Ne3+ 77. Kg3 Kb2 78. Rb8+ Kxa1 79. Kh2 Rxf6 80. Kg3 Nf1+ 81. Kg2 Nd2 
82. e5 Bd5+ 83. Kg3 Ne4+ 84. Kh4 Rg6 85. Rb4 Nd2 86. Ra4+ Kb2 87. Rb4+ Kc3 
88. Ra4 Be6 89. Ra3+ Kd4 90. Ra4+ Ke3 91. Ra3+ Kf4 92. Ra4+ Ne4 93. Rxe4+ Kxe4 
94. Kh5 Kf4 95. Kh4 Rh6# 0-1

[Event "Thursday 05 April Rapid Engine Tour 12+1 Rounds 9 Starts 1600ST"]
[Site "Infinity Chess"]
[Date "2018.4.5"]
[Round "6"]
[White "ivrdurant"]
[Black "Thinker"]
[Result "1/2-1/2"]
[ECO "C50"]
[WhiteElo "2466"]
[BlackElo "2442"]
[WhiteEngine "Raubfisch ME262_GTZ16d4"]
[BlackEngine "BrainFish_180329_x64_modern_CTG"]
[EventType "Swiss"]
[WhiteTeam ""]
[BlackTeam ""]
[PlyCount "70"]
[TimeControl "720+1"]

1. e4 e5 2. Nf3 Nc6 3. Bc4 Bc5 4. O-O Nf6 5. d3 d6 6. Re1 O-O 7. c3 a6 8. h3 Ba7 
9. Bb3 h6 10. Nbd2 Re8 11. a4 Be6 12. Bxe6 Rxe6 13. b4 d5 14. Qc2 d4 
15. Nc4 dxc3 16. Qxc3 Nh5 17. Be3 Nf4 18. Ncxe5 Nxe5 19. Nxe5 Rxe5 20. Qxe5 Nxd3 
21. Qd5 Nxe1 22. Qxd8+ Rxd8 23. Bxa7 Nd3 24. Rb1 b5 25. axb5 axb5 26. Be3 Ra8 
27. Rb3 Ne5 28. Bf4 Nc4 29. Bxc7 Nd2 30. Rb2 Ra1+ 31. Kh2 Nf1+ 32. Kg1 Ne3+ 
33. Kh2 Nf1+ 34. Kg1 Ng3+ 35. Kh2 Nf1+ 1/2-1/2

[Event "Thursday 05 April Rapid Engine Tour 12+1 Rounds 9 Starts 1600ST"]
[Site "Infinity Chess"]
[Date "2018.4.5"]
[Round "6"]
[White "hafaba"]
[Black "Deep_Impact"]
[Result "1/2-1/2"]
[ECO "D02"]
[WhiteElo "2469"]
[BlackElo "2460"]
[WhiteEngine "Eman 1.70-beta15 64-bit POPCNT"]
[BlackEngine "BrainFish_180404_x64_bmi2"]
[EventType "Swiss"]
[WhiteTeam ""]
[BlackTeam ""]
[PlyCount "149"]
[TimeControl "720+1"]

1. d4 d5 2. Nf3 Nf6 3. c4 e6 4. Nc3 c6 5. e3 Nbd7 6. Qc2 Bd6 7. Bd3 O-O 
8. O-O dxc4 9. Bxc4 a6 10. Rd1 b5 11. Bd3 Bb7 12. e4 e5 13. Bf1 Qc7 14. g3 Rfe8 
15. Bg2 exd4 16. Nxd4 g6 17. a3 Be5 18. Bh6 c5 19. Nf3 Bd6 20. Qd2 Bf8 
21. Bxf8 Nxf8 22. Nd5 Qd6 23. Nc3 Qe7 24. Nd5 Qd6 25. Nc3 Qc7 26. Nd5 Bxd5 
27. exd5 Rad8 28. Ne1 Qb6 29. b3 N8d7 30. Qf4 Nh5 31. Qd2 Ng7 32. Bh3 Nf6 
33. Qc2 Rxd5 34. Rxd5 Nxd5 35. Nd3 Qf6 36. Rc1 Nf5 37. Qxc5 Nde7 38. Nf4 Rd8 
39. Re1 Kg7 40. a4 Rc8 41. Qb4 Qc3 42. Qxc3+ Rxc3 43. axb5 axb5 44. g4 Nd4 
45. Rxe7 Rf3 46. Nxg6 Rxh3 47. Nf4 Rxb3 48. Kg2 b4 49. Rb7 Nf3 50. Rb6 Nh4+ 
51. Kf1 Nf3 52. h3 Rb1+ 53. Ke2 Ng1+ 54. Kd3 Rb3+ 55. Kc4 Rc3+ 56. Kd4 Nxh3 
57. Nh5+ Kf8 58. Rb8+ Ke7 59. Rxb4 Rf3 60. Rb7+ Kd8 61. Ke4 Rxf2 62. Rb6 Ng5+ 
63. Ke5 Ne6 64. Nf6 h6 65. Nd5 Re2+ 66. Kd6 Rc2 67. Rb7 Ng5 68. Rb8+ Rc8 
69. Rxc8+ Kxc8 70. Ne7+ Kd8 71. Nf5 h5 72. gxh5 Ke8 73. Ke5 Nh7 74. h6 Kd8 
75. Ne3 1/2-1/2

[Event "Thursday 05 April Rapid Engine Tour 12+1 Rounds 9 Starts 1600ST"]
[Site "Infinity Chess"]
[Date "2018.4.5"]
[Round "6"]
[White "Murx"]
[Black "Eman"]
[Result "1/2-1/2"]
[ECO "C53"]
[WhiteElo "2503"]
[BlackElo "2494"]
[WhiteEngine "BrainFish_180404_x64_modern"]
[BlackEngine "Eman 1.70-beta15 64-bit POPCNT"]
[EventType "Swiss"]
[WhiteTeam ""]
[BlackTeam ""]
[PlyCount "121"]
[TimeControl "720+1"]

1. e4 e5 2. Nf3 Nc6 3. Bc4 Bc5 4. c3 Nf6 5. d3 d6 6. O-O O-O 7. h3 a5 8. Nbd2 h6 
9. Re1 Be6 10. a4 Ba7 11. b3 d5 12. exd5 Nxd5 13. Ne4 Re8 14. Bd2 Nf6 
15. Qe2 Nxe4 16. Qxe4 Qd7 17. b4 axb4 18. cxb4 Bxc4 19. dxc4 f5 20. Qd5+ Qxd5 
21. cxd5 Nd4 22. Rac1 Nxf3+ 23. gxf3 Bd4 24. a5 b6 25. Rxc7 Red8 26. Rec1 bxa5 
27. bxa5 Rxd5 28. Be1 Rb8 29. Rc8+ Rxc8 30. Rxc8+ Kh7 31. Rc4 Rd6 32. Bb4 Rd8 
33. Kg2 f4 34. h4 Kg6 35. a6 Ra8 36. Rc6+ Kf5 37. Be1 Ra7 38. Bd2 h5 39. Bc1 g5 
40. hxg5 Kxg5 41. Ba3 Kf5 42. Bb4 Rg7+ 43. Kf1 h4 44. Bf8 Rd7 45. Bc5 Bxc5 
46. Rxc5 Rd1+ 47. Kg2 Ra1 48. Rc6 Ra5 49. Kh3 Ra2 50. Rh6 Kg5 51. Rb6 Rxf2 
52. Rb3 Ra2 53. Rb5 Kf6 54. Kg4 Rxa6 55. Rb8 h3 56. Rh8 Rd6 57. Rxh3 e4 
58. fxe4 Ke5 59. Rh7 Rg6+ 60. Kf3 Rg3+ 61. Kf2 1/2-1/2

[Event "Thursday 05 April Rapid Engine Tour 12+1 Rounds 9 Starts 1600ST"]
[Site "Infinity Chess"]
[Date "2018.4.5"]
[Round "6"]
[White "THE_MACHINE"]
[Black "Brtroy"]
[Result "1/2-1/2"]
[ECO "C50"]
[WhiteElo "2484"]
[BlackElo "2510"]
[WhiteEngine "BrainFish_180404_x64_bmi2"]
[BlackEngine "Stockfish_18040103_x64_bmi2_CTG"]
[EventType "Swiss"]
[WhiteTeam ""]
[BlackTeam ""]
[PlyCount "89"]
[TimeControl "720+1"]

1. e4 e5 2. Nf3 Nc6 3. Bc4 Bc5 4. O-O Nf6 5. d3 a5 6. c3 d6 7. Nbd2 O-O 
8. Re1 Ba7 9. Nf1 Be6 10. Bb5 Ne7 11. d4 exd4 12. Nxd4 Ng6 13. Ba4 h6 
14. Nxe6 fxe6 15. Be3 Nd7 16. Bxa7 Rxa7 17. g3 Nde5 18. f4 Nxf4 19. gxf4 Rxf4 
20. Re3 Qf6 21. Ng3 Ra8 22. Qe2 Qg5 23. Qh5 Qf6 24. Rf1 Rf8 25. Qe2 g5 
26. Bd1 g4 27. Rxf4 Qxf4 28. Qe1 Qg5 29. Nf1 h5 30. h3 Kf7 31. hxg4 hxg4 
32. Be2 Ke8 33. Rg3 Qh4 34. Nh2 Rh8 35. Qf2 Rf8 36. Qg2 Ng6 37. Rxg4 Qe1+ 
38. Bf1 Nf4 39. Qf3 e5 40. Rg7 Rh8 41. Ng4 Nh3+ 42. Kg2 Nf4+ 43. Kg1 Nh3+ 
44. Kg2 Nf4+ 45. Kg1 1/2-1/2

[Event "Thursday 05 April Rapid Engine Tour 12+1 Rounds 9 Starts 1600ST"]
[Site "Infinity Chess"]
[Date "2018.4.5"]
[Round "6"]
[White "xeonrocks"]
[Black "MarioDeMonti"]
[Result "1-0"]
[ECO "C58"]
[WhiteElo "2568"]
[BlackElo "2515"]
[WhiteEngine "Stockfish_x64_bmi2_CTG"]
[BlackEngine "stockfish_x64_bmi2_2018_02_18_CTG"]
[EventType "Swiss"]
[WhiteTeam ""]
[BlackTeam ""]
[PlyCount "115"]
[TimeControl "720+1"]

1. e4 e5 2. Nf3 Nc6 3. Bc4 Nf6 4. Ng5 d5 5. exd5 Na5 6. Bb5+ c6 7. dxc6 bxc6 
8. Be2 h6 9. Nh3 Bc5 10. Nc3 Bf5 11. d3 Nb7 12. O-O O-O 13. Kh1 Re8 14. Bf3 Rc8 
15. g4 Be6 16. Ng1 Qd7 17. g5 hxg5 18. Bxg5 Nd5 19. Ne4 Bb6 20. Bh5 Nc5 
21. Nf3 Bf5 22. Qe2 Nf4 23. Bxf4 exf4 24. Nfg5 Re7 25. Qf3 Qd5 26. Bg4 Bxe4 
27. Nxe4 Rb8 28. Nc3 Qxf3+ 29. Bxf3 Ba5 30. Rab1 Reb7 31. Nd1 Rb6 32. d4 Na4 
33. b3 Rd8 34. a3 Bd2 35. Ra1 Nc3 36. Nb2 Rxd4 37. Nc4 Ra6 38. Rg1 g6 39. a4 Kf8 
40. h4 Nd5 41. Rad1 Bc3 42. Nd6 Rxd1 43. Rxd1 Bb4 44. Nc4 Be7 45. h5 gxh5 
46. Ne5 Nb4 47. c3 Na2 48. Nxc6 Bf6 49. a5 Nxc3 50. Rd7 Nb5 51. b4 Ke8 
52. Rb7 Nd6 53. Rb8+ Kd7 54. b5 Nxb5 55. Rxb5 Rxc6 56. Bxc6+ Kxc6 57. Rf5 Bc3 
58. Rxf7 1-0

[Event "Thursday 05 April Rapid Engine Tour 12+1 Rounds 9 Starts 1600ST"]
[Site "Infinity Chess"]
[Date "2018.4.5"]
[Round "5"]
[White "koalachess"]
[Black "MCDermont"]
[Result "0-1"]
[ECO "C00"]
[WhiteElo "2251"]
[BlackElo "2496"]
[WhiteEngine "asmFishW_2017-11-19_popcnt_CTG"]
[BlackEngine "BrainFish 010418 WM_CTG"]
[EventType "Swiss"]
[WhiteTeam ""]
[BlackTeam ""]
[PlyCount "196"]
[TimeControl "720+1"]

1. e4 e6 2. e5 c5 3. b3 Be7 4. Bb2 Nh6 5. g3 O-O 6. Bg2 Nc6 7. Nf3 b6 8. O-O Bb7 
9. c3 Ba6 10. Re1 d5 11. exd6 Qxd6 12. Na3 Rad8 13. Nc4 Qc7 14. d4 Nf5 
15. Ne3 cxd4 16. cxd4 Nxe3 17. fxe3 Bb4 18. Nd2 Na5 19. Bf1 Bb7 20. Re2 e5 
21. Rf2 exd4 22. exd4 Qe7 23. Nf3 Ba3 24. Bc3 Nc6 25. Qd2 Qd6 26. Re1 h6 
27. Bg2 Ne7 28. Qe2 Rc8 29. Bb2 Rc7 30. Bxa3 Qxa3 31. Ne5 Bxg2 32. Kxg2 Qd6 
33. Qf3 Qd5 34. Rd2 Rc3 35. Qxd5 Nxd5 36. Nc4 Rd8 37. Kf2 Kf8 38. Re4 Nf6 
39. Ree2 h5 40. Kg2 Nd5 41. Kf2 b5 42. Ne3 Nf6 43. Nd1 Rc6 44. Kf3 g6 
45. Nf2 Nd5 46. Ne4 b4 47. h3 Nc7 48. Kf2 Rb6 49. g4 Rd5 50. Rc2 Ne6 
51. Red2 hxg4 52. hxg4 Rxd4 53. Rxd4 Nxd4 54. Rc4 Ne6 55. Nc5 Nxc5 56. Rxc5 Ra6 
57. Rc2 Ra5 58. Ke3 Rb5 59. Rc7 a5 60. Kf4 Kg7 61. Kf3 Kf6 62. Kf4 g5+ 
63. Ke4 Kg6 64. Rc8 f6 65. Rg8+ Kf7 66. Rc8 Re5+ 67. Kf3 Rd5 68. Ke3 Rd1 
69. Rc5 Rf1 70. Rxa5 Rf4 71. Rb5 Kg6 72. Rb6 Rxg4 73. Kf3 Rd4 74. Ra6 Rf4+ 
75. Kg3 Re4 76. Kf3 Kf5 77. Ra5+ Re5 78. Ra4 g4+ 79. Kf2 Re4 80. a3 bxa3 
81. Rxa3 Kf4 82. b4 Rxb4 83. Ke2 Rb2+ 84. Kd3 g3 85. Ra6 g2 86. Kc3 Rb1 
87. Rxf6+ Kg5 88. Rf8 Rb6 89. Rg8+ Rg6 90. Ra8 g1=Q 91. Ra5+ Kf4 92. Ra4+ Kf3 
93. Ra3 Qc5+ 94. Kb2+ Ke4 95. Ra4+ Kd5 96. Kb1 Rb6+ 97. Ka1 Qc3+ 98. Ka2 Qb2# 
0-1

[Event "Thursday 05 April Rapid Engine Tour 12+1 Rounds 9 Starts 1600ST"]
[Site "Infinity Chess"]
[Date "2018.4.5"]
[Round "5"]
[White "Time_bandit"]
[Black "RonWeasley"]
[Result "1/2-1/2"]
[ECO "C11"]
[WhiteElo "2428"]
[BlackElo "2474"]
[WhiteEngine "asmFishW_2018-02-02_popcnt"]
[BlackEngine "BrainFish 010418 WM_CTG"]
[EventType "Swiss"]
[WhiteTeam ""]
[BlackTeam ""]
[PlyCount "110"]
[TimeControl "720+1"]

1. e4 e6 2. d4 d5 3. Nc3 Nf6 4. e5 Nfd7 5. f4 c5 6. Nf3 Nc6 7. Be3 cxd4 
8. Nxd4 Qb6 9. Qd2 Qxb2 10. Rb1 Qa3 11. Bb5 Nxd4 12. Bxd4 a6 13. Bxd7+ Bxd7 
14. Rb3 Qe7 15. Rxb7 Rc8 16. O-O Qd8 17. f5 exf5 18. Qd3 Bc5 19. Bxc5 Rxc5 
20. Nxd5 Bc8 21. Re7+ Kf8 22. Qa3 Qa5 23. Qxa5 Rxa5 24. Rc7 Be6 25. Nf4 Rxe5 
26. Nxe6+ Rxe6 27. Rxf5 Re7 28. Rc8+ Re8 29. Rfc5 Ke7 30. R8c6 g6 31. Rxa6 Rc8 
32. Re5+ Kf8 33. Ra7 Kg7 34. Ree7 Rhf8 35. g4 Rc4 36. h3 Rc3 37. Kh2 Rxc2+ 
38. Kg3 Rc3+ 39. Kh2 Rc2+ 40. Kg1 Kf6 41. a4 Rc1+ 42. Kg2 Rc2+ 43. Kf3 Rc3+ 
44. Kg2 Rc2+ 45. Kf1 h6 46. Kg1 Ra2 47. Reb7 Kg5 48. Rxf7 Rxf7 49. Rxf7 Rxa4 
50. Kf2 Ra2+ 51. Kg3 Ra3+ 52. Rf3 Rxf3+ 53. Kxf3 Kh4 54. Kg2 g5 55. Kh2 h5 
1/2-1/2

[Event "Thursday 05 April Rapid Engine Tour 12+1 Rounds 9 Starts 1600ST"]
[Site "Infinity Chess"]
[Date "2018.4.5"]
[Round "5"]
[White "KQRBNP"]
[Black "Mr Aj"]
[Result "1/2-1/2"]
[ECO "C50"]
[WhiteElo "2411"]
[BlackElo "2434"]
[WhiteEngine "Eman 1.70-beta15 64-bit POPCNT"]
[BlackEngine "Houdini 6"]
[EventType "Swiss"]
[WhiteTeam ""]
[BlackTeam ""]
[PlyCount "118"]
[TimeControl "720+1"]

1. e4 e5 2. Nf3 Nc6 3. Bc4 Bc5 4. O-O d6 5. c3 Nf6 6. b4 Bb6 7. a4 a5 8. b5 Ne7 
9. Re1 Bg4 10. h3 Bh5 11. Bf1 O-O 12. d3 Bxf3 13. Qxf3 Nd7 14. Nd2 f5 
15. d4 fxe4 16. Qxe4 d5 17. Qh4 Qe8 18. Ba3 Rf6 19. Bd3 Ng6 20. Qg4 h6 
21. Bf5 Rd8 22. h4 Qf7 23. Bxd7 h5 24. Qxh5 Qxd7 25. Qg5 Re8 26. Re3 Qf7 
27. Rae1 Rxf2 28. Nf3 Ra2 29. Bc1 e4 30. Rf1 Rf8 31. Nd2 Nf4 32. Kh1 c6 
33. bxc6 bxc6 34. Nxe4 dxe4 35. Rxe4 Ra1 36. Rexf4 Qxf4 37. Rxf4 Rxc1+ 
38. Kh2 Bc7 39. g3 Rc2+ 40. Kh3 Bxf4 41. gxf4 Rxc3+ 42. Kg4 Rf6 43. Qe5 Rg6+ 
44. Kf5 Rf6+ 45. Ke4 Ra3 46. d5 Rxa4+ 47. Kd3 Ra3+ 48. Kc2 cxd5 49. Qxd5+ Rf7 
50. Kb2 Ra4 51. Qd8+ Kh7 52. Qd3+ Kh6 53. h5 Rf6 54. Qd8 Rfxf4 55. Qh8+ Kg5 
56. Qxg7+ Kxh5 57. Kb3 Rab4+ 58. Ka3 Rf3+ 59. Ka2 Rg4 1/2-1/2

[Event "Thursday 05 April Rapid Engine Tour 12+1 Rounds 9 Starts 1600ST"]
[Site "Infinity Chess"]
[Date "2018.4.5"]
[Round "5"]
[White "localhero"]
[Black "CrapCleaner"]
[Result "1/2-1/2"]
[ECO "C53"]
[WhiteElo "2434"]
[BlackElo "2428"]
[WhiteEngine "asmFishW_2017-10-04_popcnt"]
[BlackEngine "Raubfisch ME262_GTZ16e2_CTG"]
[EventType "Swiss"]
[WhiteTeam ""]
[BlackTeam ""]
[PlyCount "97"]
[TimeControl "720+1"]

1. e4 e5 2. Nf3 Nc6 3. Bc4 Bc5 4. c3 Nf6 5. d3 d6 6. O-O O-O 7. Bg5 h6 8. Bh4 a6 
9. a4 g5 10. Bg3 Ba7 11. Nbd2 Nh7 12. h3 h5 13. Kh1 Kh8 14. b4 g4 15. Nh4 Qg5 
16. b5 Ne7 17. d4 exd4 18. cxd4 Qh6 19. e5 d5 20. Bd3 Bxd4 21. Rc1 c6 
22. Nb3 Ba7 23. bxa6 bxa6 24. Rg1 Re8 25. Bb1 Kg8 26. Nd4 Ng5 27. Nhf5 Bxf5 
28. Nxf5 Nxf5 29. Bxf5 Ne4 30. Bxe4 dxe4 31. Qd7 Qe6 32. Rgd1 e3 33. fxe3 Bxe3 
34. Rxc6 Qxd7 35. Rxd7 Rec8 36. Rdd6 Rxc6 37. Rxc6 Rd8 38. hxg4 Rd1+ 
39. Kh2 hxg4 40. Rxa6 Bg1+ 41. Kh1 Bc5+ 42. Kh2 Bg1+ 43. Kh1 Kh7 44. a5 f6 
45. Rxf6 Bf2+ 46. Kh2 Bg1+ 47. Kh1 Bf2+ 48. Kh2 Bg1+ 49. Kh1 1/2-1/2

[Event "Thursday 05 April Rapid Engine Tour 12+1 Rounds 9 Starts 1600ST"]
[Site "Infinity Chess"]
[Date "2018.4.5"]
[Round "5"]
[White "Deep_Impact"]
[Black "Thinker"]
[Result "1/2-1/2"]
[ECO "C53"]
[WhiteElo "2461"]
[BlackElo "2441"]
[WhiteEngine "BrainFish_180404_x64_bmi2"]
[BlackEngine "BrainFish_180329_x64_modern_CTG"]
[EventType "Swiss"]
[WhiteTeam ""]
[BlackTeam ""]
[PlyCount "88"]
[TimeControl "720+1"]

1. e4 e5 2. Nf3 Nc6 3. Bc4 Bc5 4. c3 Nf6 5. d3 d6 6. O-O O-O 7. h3 a6 8. Re1 Ba7 
9. a4 h6 10. Nbd2 Re8 11. Bb3 Be6 12. Bxe6 Rxe6 13. b4 d5 14. Qc2 d4 
15. Bb2 dxc3 16. Bxc3 a5 17. b5 Nb4 18. Bxb4 axb4 19. Nc4 Nd7 20. Reb1 Bc5 
21. a5 Qe8 22. Ncd2 b6 23. Nb3 Bf8 24. Rc1 bxa5 25. Rxa5 Rxa5 26. Nxa5 Rb6 
27. Qxc7 Rxb5 28. Nb3 Rb8 29. Rc6 Rd8 30. g3 h5 31. Kg2 Be7 32. Rc4 Bf8 
33. d4 exd4 34. Rxd4 Be7 35. Rd5 h4 36. gxh4 Nf6 37. Rxd8 Bxd8 38. Qb8 Nxe4 
39. Qxb4 Qc6 40. Nbd4 Qg6+ 41. Kf1 Qa6+ 42. Qb5 Qxb5+ 43. Nxb5 g6 44. Ke2 Kg7 
1/2-1/2

[Event "Thursday 05 April Rapid Engine Tour 12+1 Rounds 9 Starts 1600ST"]
[Site "Infinity Chess"]
[Date "2018.4.5"]
[Round "5"]
[White "Prometheus"]
[Black "ivrdurant"]
[Result "1/2-1/2"]
[ECO "C50"]
[WhiteElo "2452"]
[BlackElo "2467"]
[WhiteEngine "Eman 1.70-beta15 64-bit BMI2"]
[BlackEngine "Raubfisch ME262_GTZ16d4"]
[EventType "Swiss"]
[WhiteTeam ""]
[BlackTeam ""]
[PlyCount "134"]
[TimeControl "720+1"]

1. e4 e5 2. Nf3 Nc6 3. Bc4 Bc5 4. O-O Nf6 5. d3 d6 6. c3 a5 7. Bg5 Ba7 8. a4 h6 
9. Bh4 g5 10. Bg3 Ne7 11. Re1 Ng6 12. d4 Qe7 13. Nbd2 Nh7 14. h3 h5 15. Nf1 g4 
16. hxg4 hxg4 17. N3h2 Nf6 18. Ne3 Qf8 19. Nexg4 Nh5 20. Qf3 Be6 21. Bxe6 fxe6 
22. Qxf8+ Rxf8 23. Rad1 Nxg3 24. fxg3 O-O-O 25. Nf3 exd4 26. cxd4 e5 
27. Kf1 exd4 28. Nf2 Rde8 29. Nxd4 Ne5 30. Nf5 Nd7 31. Rd3 Rh8 32. b3 Nf6 
33. g4 Bxf2 34. Kxf2 Nxg4+ 35. Kg1 Kb8 36. Rg3 Nf6 37. e5 Rxe5 38. Rxe5 dxe5 
39. Ne3 Nd7 40. Nc4 b6 41. Re3 Re8 42. Kf1 Kb7 43. Ke2 Rg8 44. Kf3 Rf8+ 
45. Ke2 Rg8 46. Kf3 Re8 47. g4 Kc6 48. Ke4 Nc5+ 49. Kf5 e4 50. Kf6 Kd5 
51. Rh3 Rf8+ 52. Ke7 Rf3 53. Rxf3 exf3 54. g5 Nxb3 55. g6 Kd4 56. g7 f2 
57. g8=Q f1=Q 58. Nxb6 cxb6 59. Qxb3 Qa6 60. Qb2+ Kc5 61. Qe5+ Kb4 62. Qd4+ Kb3 
63. Qd1+ Kb4 64. Qd4+ Ka3 65. Qa1+ Kb4 66. Qb1+ Kxa4 67. Qe4+ Ka3 1/2-1/2

[Event "Thursday 05 April Rapid Engine Tour 12+1 Rounds 9 Starts 1600ST"]
[Site "Infinity Chess"]
[Date "2018.4.5"]
[Round "5"]
[White "Marsell"]
[Black "hafaba"]
[Result "1/2-1/2"]
[ECO "C55"]
[WhiteElo "2465"]
[BlackElo "2469"]
[WhiteEngine "asmFishW_2018-04-02_bmi2"]
[BlackEngine "Eman 1.70-beta15 64-bit POPCNT"]
[EventType "Swiss"]
[WhiteTeam ""]
[BlackTeam ""]
[PlyCount "143"]
[TimeControl "720+1"]

1. e4 e5 2. Nf3 Nc6 3. Bc4 Nf6 4. d3 Bc5 5. c3 d6 6. O-O O-O 7. h3 a6 8. Re1 Ba7 
9. Bb3 h6 10. Nbd2 Nh5 11. Nf1 Qf6 12. Be3 Bxe3 13. Nxe3 Nf4 14. Kh2 Be6 
15. d4 exd4 16. cxd4 Bxb3 17. axb3 d5 18. e5 Qd8 19. Qd2 f5 20. b4 Rb8 
21. Nc2 Ne6 22. Qe2 g5 23. Qd3 Qe7 24. b5 axb5 25. Qxb5 g4 26. Ng1 Kh8 
27. Rad1 Qd7 28. Qd3 Qg7 29. Qg3 gxh3 30. Qxh3 Ng5 31. Qh5 f4 32. Nf3 Qh7 
33. Re2 Rg8 34. Nce1 Rbf8 35. Kg1 Ne6 36. Red2 Ne7 37. Ra1 Nf5 38. Ra7 c6 
39. Rd3 Ra8 40. Rxa8 Rxa8 41. Rb3 Rf8 42. Rb4 b5 43. Nh4 Nxh4 44. Qxh4 Qg6 
45. Nf3 Kg8 46. Rb3 Ra8 47. Kh2 Ra1 48. Ra3 Rxa3 49. bxa3 Kf7 50. Qh3 h5 
51. Ne1 Nxd4 52. Qd7+ Kg8 53. Nf3 Nxf3+ 54. gxf3 Qd3 55. Qe6+ Kg7 56. Qe7+ Kh6 
57. Qe6+ Kg7 58. Qxc6 Qxf3 59. Qf6+ Kg8 60. Qe6+ Kg7 61. Qf6+ Kg8 62. Qe6+ Kg7 
63. Qe7+ Kg8 64. Qd8+ Kf7 65. Qd7+ Kg6 66. Qe6+ Kh7 67. Qe7+ Kh8 68. Qd8+ Kg7 
69. Qd7+ Kh8 70. Qe8+ Kg7 71. Qe7+ Kg8 72. Qe6+ 1/2-1/2